 Dungeon Crawl Stone Soup version 0.31-a0-263-ge8cad7f256 (webtiles) character file.

Game seed: 14723869566149355071

27 qw the Shooter (level 2, 0/24 HPs)
             Began as a Minotaur Hexslinger on July 13, 2023.
             Slain by a gnoll
             ... wielding a +0 whip
              (3 damage)
             ... on level 1 of the Dungeon.
             The game lasted 00:00:14 (900 turns).

qw the Shooter (Minotaur Hexslinger)                 Turns: 900, Time: 00:00:14

Health: 0/24       AC:  3    Str: 12    XL:     2   Next: 93%
Magic:  2/2        EV: 12    Int: 10    God:
Gold:   65         SH:  0    Dex: 12    Spells: 2/3 levels left

rFire   . . .        Y - +2 sling
rCold   . . .        (no shield)
rNeg    . . .        c - +0 robe
rPois   .            (helmet restricted)
rElec   .            (no cloak)
rCorr   .            (no gloves)
SInv    .            f - +0 pair of boots
Will    .....        (no amulet)
Stlth   +            (no ring)
HPRegen 0.24/turn    (no ring)
MPRegen 0.08/turn

%: no passive effects
@: no status effects
A: horns 2, retaliatory headbutt
a: no special abilities


You were on level 1 of the Dungeon.
You visited 1 branch of the dungeon, and saw 2 of its levels.

You collected 65 gold pieces.


Innate Abilities, Weirdness & Mutations

You have a pair of horns on your head.
You reflexively headbutt those who attack you in melee.


   Skills:
 - Level 2.0 Fighting
 + Level 3.5 Ranged Weapons
 - Level 2.1 Dodging
 - Level 1.0 Spellcasting
 - Level 2.0 Hexes


You had 2 spell levels left.
You knew the following spells:

 Your Spells              Type           Power      Damage    Failure   Level
a - Slow                  Hex            16%        N/A       16%         1

Your spell library contained the following spells:

 Spells                   Type           Power      Damage    Failure   Level
 Inner Flame              Hex/Fire       2%         N/A       56%         3
 Portal Projectile        Hex/Tloc       4%         N/A       56%         3
 Cause Fear               Hex            2%         N/A       83%         4

Inventory:

Hand Weapons
 Y - a +2 sling (weapon)
Armour
 c - a +0 robe (worn)
 f - a +0 pair of boots (worn)
Potions
 e - a potion of degeneration {unknown}
 h - a potion of cancellation
 i - a potion of mutation {unknown}

Dungeon Overview and Level Annotations

Branches:
Dungeon (2/15)

Altars:


Message History

The gnoll misses you.
The gnoll hits you from afar with a +0 spear.
You climb upwards.
There is a stone staircase leading down here.
Enter note:
Enter note: You start resting.
HP restored.
Done exploring.
(D) Dungeon
Where to? (* - list waypoints, Enter - D:2, ? - help)
What level of the Dungeon? (default 1, ? - help)
You climb downwards.
The gnoll hits you with a +0 whip. The goblin hits you but does no damage.
The gnoll barely misses you. The gnoll misses you.
The goblin hits you but does no damage. The gnoll closely misses you.
The gnoll hits you with a +0 spear.
There is a stone staircase leading up here.
894 ||| STAIRDANCE The gnoll hits you with a +0 whip.
The gnoll barely misses you. The goblin barely misses you.
You furiously retaliate!
You headbutt the goblin. The gnoll hits you with a +0 spear.
You climb upwards.
There is a stone staircase leading down here.
You shoot a sling bullet.
The sling bullet closely misses the goblin.
The gnoll barely misses you. You furiously retaliate!
You headbutt the gnoll! The goblin closely misses you.
The gnoll hits you but does no damage.
You shoot a sling bullet. The sling bullet hits the gnoll.
You kill the gnoll!
The goblin closely misses you. The gnoll hits you but does no damage.
You shoot a sling bullet. The sling bullet misses the goblin.
The goblin hits you with a +0 club. The gnoll hits you with a +0 whip.
The goblin completely misses you. The gnoll closely misses you.
You shoot a sling bullet.
The sling bullet hits the gnoll but does no damage.
The goblin hits you with a +0 club. The gnoll hits you with a +0 whip.
You shoot a sling bullet. The sling bullet hits the gnoll!
The gnoll is heavily wounded.
The goblin closely misses you. The gnoll hits you with a +0 whip.
You die...

#.# #.# #.##..#.........#####.#
#.# #.# #.##..#.#....#.## #.#
#.###.## #.##..#...##.########..
#.##...####.##..#..###.# #.......
#...............#..###.###.####..
####...#.####..............# #..
#..##.##########....##..# #..
#.###.##.....gg#........# ##. #.#
#..+.>.>.@.'.##.#.#.## #. #.#
####....)..####..###.####. ## #.#
######### #.## ##.....
.###.######.......#####.###)###..
..........+...<...'..)...#.......
.########.#.......#######..####..
## ##.########## ##.# ##. # #.##
#....#########.#####. # #.#
#..........).........


You could see a gnoll and a goblin.

Vanquished Creatures
  A gnoll (D:1)
  A dart slug (D:1)
  An endoplasm (D:1)
  3 hobgoblins (D:1)
  A kobold (D:1)
  A quokka (D:1)
  5 frilled lizards (D:1)
  2 goblins (D:1)
  2 rats (D:1)
17 creatures vanquished.

Notes
Turn   | Place    | Note
-------+----------+-------------------------------------------
     0 | D:1      | qw the Minotaur Hexslinger began the quest for the Orb.
     0 | D:1      | Reached XP level 1. HP: 16/16 MP: 1/1
     0 | D:1      | 0 ||| qw: Version: 0.3-a-52-g30416fa
     0 | D:1      | 0 ||| qw: Game counter: 7089
     0 | D:1      | 0 ||| qw: Melee chars always use a shield: true
     0 | D:1      | 0 ||| qw: God list: Okawaru
     0 | D:1      | 0 ||| qw: Allow faded altars: false
     0 | D:1      | 0 ||| qw: Do Orc after clearing Dungeon:15 true
     0 | D:1      | 0 ||| qw: Do second Lair branch before Depths: true
     0 | D:1      | 0 ||| qw: Lair rune preference: random
     0 | D:1      | 0 ||| qw: Goals: Normal
     0 | D:1      | 0 ||| PLANNING D:1-11
   138 | D:1      | Reached skill level 3 in Ranged Weapons
   142 | D:1      | Reached XP level 2. HP: 22/23 MP: 2/2
   684 | D:1      | 684 ||| UPGRADING to +0 pair of boots.
   689 | D:1      | 689 ||| READING 2 scrolls labelled FEKHLY ZUUKYHEFE.
   790 | D:1      | 790 ||| READING scroll labelled ROZOBB ISSIPN.
   791 | D:1      | 791 ||| DRINKING 2 cyan potions.
   792 | D:1      | 792 ||| DROPPING scroll of silence.
   793 | D:1      | 793 ||| DROPPING scroll of poison.
   861 | D:2      | 861 ||| STAIRDANCE
   894 | D:2      | 894 ||| STAIRDANCE
   899 | D:1      | HP: 6/24 [goblin/+0 club (3)]
   900 | D:1      | Slain by a gnoll

Levels and vault maps discovered:
D:1:      minmay_arrival_up_and_down, layout_loops_ring
D:2:      layout_loops_ring, basic_altar, serial_shops, shop,
          basic_ecumenical_altar

Skill      XL: |  1  2 |
---------------+-------+-----
Ranged Weapons | 3 |  3.5
Fighting       | 2 |  2.0
Dodging        | |  2.1
Spellcasting   | |  1.0
Hexes          | |  2.0

Action                     || total
---------------------------++-------
   Fire: Sling             ||    49
    Use: Scroll            ||     2
         Potion            ||     1
 Armour: Robe              ||     4
  Dodge: Dodged            ||    16

Table legend:
 A = Non-vault XP
 B = Vault XP
 C = Vault XP percentage of total XP
 D = Non-vault monster count
 E = Vault monster count
 F = Vault count percentage of total count
                 A         B        C        D         E       F
            +---------+---------+-------+---------+---------+-------
      Total |      39 |       0 |   0.0 |      17 |       0 |   0.0
            +---------+---------+-------+---------+---------+-------
        D:1 |      39 |       0 |   0.0 |      17 |       0 |   0.0
            +---------+---------+-------+---------+---------+-------
